Map: Neon Violet Square LE

Players

BackupJ (Kas)

  • Race: Terran Terran
  • Spawn Location: 11:00

RiSky - Winner!

  • Race: Zerg Zerg
  • Spawn Location: 5:00

Event: WCS Leipzig 2018

VOD

Have the link to the VOD?

Description

Time

  • Played on: Jan. 26, 2018, 7:25 a.m.
  • Length: 14:05

All games in this series

Show
View Real Time Build Order
Export as new Build Order

BackupJ Terran 

Build Orders: Gas First Reaper Expand, Liberator Opening, Reaper Expand, Mech 

Get SALT Encoding   

  12  0:01  SCV  
  13  0:13  SCV  
  14  0:18  Supply Depot  
  14  0:25  SCV  
  15  0:29  Refinery  
  15  0:40  SCV  
  16  0:45  Barracks  
  16  0:52  SCV  
  17  1:04  SCV  
  18  1:16  SCV  
  19  1:32  Orbital Command  
  19  1:33  Reaper  
  20  1:45  Command Center  
  20  1:54  Factory  
  20  1:59  SCV  
  21  2:05  Refinery  
  21  2:07  Barracks Reactor  
  21  2:11  SCV  
  22  2:17  Supply Depot  
  22  2:23  SCV  
  23  2:38  SCV  
  23  2:42  Starport  
  24  2:49  Hellion x2  
  28  2:52  SCV  
  28  2:57  Orbital Command  
  29  3:04  SCV  
  29  3:05  Refinery  
  30  3:08  Barracks Tech Lab  
  30  3:19  Viking  
  32  3:22  SCV  
  32  3:23  SCV  
  34  3:30  Fusion Core  
  34  3:34  SCV  
  34  3:35  SCV  
  36  3:43  Liberator  
  36  3:44  Hellion  
  36  3:45  Hellion  
  36  3:46  SCV  
  36  3:47  SCV  
  42  3:58  SCV  
  46  4:19  Advanced Ballistics  
  46  4:21  Supply Depot  
  46  4:25  Liberator  
  46  4:26  SCV x2  
  46  4:27  Hellion  
  50  4:31  Supply Depot  
  50  4:38  SCV x2, Barracks Reactor  
  50  4:44  Hellion  
  57  4:48  Hellion  
  57  4:51  SCV x2, Supply Depot  
  61  5:03  SCV x2  
  63  5:15  SCV  
  63  5:19  SCV  
  66  5:30  SCV  
  66  5:31  Command Center  
  66  5:32  Hellion, Supply Depot  
  66  5:33  Hellion  
  69  5:41  SCV  
  69  5:42  SCV  
  64  5:45  Liberator x2  
  61  5:52  Refinery  
  61  5:53  SCV  
  61  5:54  SCV  
  61  5:55  Supply Depot  
  63  6:03  Hellion x2  
  73  6:05  SCV  
  73  6:06  SCV, Armory  
  73  6:08  Factory  
  75  6:13  Factory  
  75  6:17  SCV  
  73  6:19  Supply Depot  
  73  6:23  SCV  
  73  6:24  Hellion x2  
  78  6:31  SCV  
  79  6:38  SCV  
  80  6:43  Orbital Command  
  80  6:44  SCV  
  80  6:45  Supply Depot  
  80  6:46  Hellion x2  
  85  6:51  SCV  
  85  6:53  Factory Tech Lab  
  86  6:56  Terran Vehicle Weapons Level 1  
  86  6:57  Factory Tech Lab  
  86  7:06  SCV  
  86  7:07  SCV  
  88  7:14  Siege Tank  
  91  7:17  Orbital Command  
  91  7:20  Hellion x2, Factory  
  91  7:21  SCV, Factory  
  96  7:26  Siege Tank  
  96  7:27  Medivac  
  101  7:32  Hellion x7  
  101  7:35  SCV x2  
  103  7:38  Supply Depot  
  103  7:39  Supply Depot  
  103  7:47  SCV  
  102  7:52  SCV  
  102  7:55  Siege Tank  
  102  7:56  Hellion  
  102  7:58  Siege Tank  
  109  7:59  Viking x2  
  109  8:00  SCV  
  109  8:04  Infernal Pre-Igniter  
  114  8:05  Siege Tank  
  114  8:06  Factory Reactor  
  114  8:07  Hellion, SCV  
  120  8:16  Engineering Bay  
  116  8:22  Supply Depot  
  116  8:23  SCV  
  116  8:26  Refinery  
  117  8:31  Refinery  
  117  8:33  Viking x2  
  121  8:34  Hellion  
  121  8:35  Siege Tank  
  121  8:40  SCV  
  127  8:48  SCV  
  120  8:49  Armory  
  120  8:50  Supply Depot  
  118  8:56  Terran Vehicle Weapons Level 2  
  118  8:58  SCV x2  
  118  9:00  Hellion x2  
  118  9:01  Hellion x2  
  118  9:02  Command Center  
  128  9:08  SCV  
  129  9:10  SCV  
  129  9:12  Supply Depot  
  129  9:13  Supply Depot  
  130  9:19  Thor  
  136  9:24  Viking x2  
  136  9:28  Hellion x2  
  136  9:29  Hellion x2, SCV  
  149  9:32  Supply Depot  
  149  9:37  Hellion  
  151  9:52  Hellion x2, Siege Tank  
  135  9:55  Viking x2  
  135  9:57  Terran Vehicle And Ship Armor Level 1  
  135  9:58  Siege Tank  
  129  10:03  Hellion x2  
  129  10:04  Siege Tank  
  129  10:06  SCV  
  137  10:17  Hellion  
  137  10:19  Hellion  
  133  10:24  Hellion, Siege Tank  
  136  10:29  Missile Turret  
  136  10:30  Hellion, Siege Tank  
  136  10:32  Missile Turret x2  
  141  10:36  Siege Tank  
  141  10:39  Hellion  
  141  10:42  Hellion  
  145  10:45  Hellion  
  143  10:56  Siege Tank  
  126  11:00  Hellion x2  
  126  11:02  Siege Tank  
  126  11:03  Hellion  
  116  11:07  Hellion  
  116  11:08  Siege Tank  
  116  11:09  Planetary Fortress  
  117  11:11  SCV x2  
  117  11:12  Refinery  
  117  11:13  Refinery  
  117  11:17  Missile Turret  
  119  11:18  Terran Vehicle Weapons Level 3  
  119  11:21  Hellion  
  119  11:23  SCV  
  119  11:25  SCV  
  123  11:27  Command Center  
  123  11:28  Siege Tank  
  123  11:29  Hellion x2  
  123  11:30  Hellion  
  123  11:31  Viking  
  123  11:32  Viking  
  136  11:35  SCV  
  136  11:39  Starport  
  137  11:44  Thor  
  143  11:58  Thor  
  149  12:04  SCV x2  
  149  12:08  Thor  
  149  12:10  Hellion x3, Smart Servos  
  149  12:11  Viking  
  163  12:16  Viking  
  163  12:20  Missile Turret  
  165  12:23  Missile Turret  
  165  12:24  Missile Turret x2  
  165  12:26  Missile Turret  
  165  12:27  Thor  
  165  12:28  Missile Turret  
  154  12:50  Thor  
  154  12:51  Thor  
  150  12:52  Viking x2  
  150  12:55  SCV  
  152  13:04  Viking  
  152  13:06  SCV  
  133  13:20  SCV  
  133  13:22  SCV, Viking  
  133  13:25  Hellion  
  133  13:26  Hellion x2  
  122  13:29  Hellion  
  104  13:41  SCV  
  112  13:50  Refinery  
Show
View Real Time Build Order
Export as new Build Order

RiSky Zerg - Winner!

Build Orders: Hatch First, Brood Lord Corruptor 

Get SALT Encoding   

  12  0:00  Drone  
  13  0:13  Overlord  
  13  0:17  Drone  
  14  0:31  Drone x2  
  14  0:34  Drone  
  17  0:52  Hatchery  
  17  0:55  Drone  
  17  0:58  Drone  
  18  1:09  Extractor  
  17  1:14  Spawning Pool  
  17  1:17  Drone  
  17  1:20  Drone  
  18  1:28  Drone  
  19  1:38  Overlord  
  19  1:49  Drone  
  20  2:00  Queen  
  20  2:01  Zergling x2  
  23  2:03  Queen  
  23  2:04  Zergling x2  
  26  2:10  Metabolic Boost  
  26  2:11  Drone  
  26  2:15  Drone  
  28  2:22  Drone  
  29  2:25  Drone  
  30  2:37  Hatchery  
  30  2:40  Drone  
  30  2:43  Drone  
  31  2:47  Overlord  
  31  2:48  Drone  
  32  2:54  Drone  
  32  2:58  Drone  
  34  3:06  Drone  
  34  3:08  Drone  
  34  3:12  Pneumatized Carapace, Drone x2  
  38  3:13  Drone  
  38  3:16  Overlord  
  39  3:20  Drone x2  
  39  3:23  Drone  
  39  3:26  Drone  
  43  3:33  Queen  
  45  3:39  Roach Warren  
  45  3:40  Drone  
  45  3:45  Overlord  
  45  3:47  Zergling x6  
  48  3:52  Queen  
  48  3:54  Drone  
  51  3:58  Queen  
  53  4:03  Overlord  
  53  4:06  Drone x2  
  53  4:08  Drone  
  56  4:10  Drone  
  56  4:13  Overlord  
  56  4:14  Drone  
  56  4:16  Drone  
  59  4:20  Lair  
  59  4:24  Extractor x2  
  58  4:26  Drone  
  58  4:29  Drone  
  58  4:30  Roach x2  
  63  4:32  Roach  
  63  4:35  Drone  
  63  4:36  Drone  
  63  4:38  Overlord  
  67  4:44  Drone x3  
  67  4:45  Drone  
  71  4:48  Drone  
  71  4:50  Drone, Extractor  
  71  4:51  Ravager  
  73  4:54  Drone  
  73  4:58  Extractor  
  73  4:59  Drone  
  74  5:01  Drone  
  75  5:07  Drone  
  75  5:09  Hatchery  
  73  5:19  Extractor, Overlord  
  72  5:21  Ravager  
  72  5:27  Overlord x2  
  73  5:29  Overlord  
  73  5:32  Spire  
  73  5:34  Drone  
  73  5:35  Drone x2, Evolution Chamber  
  71  5:36  Drone  
  71  5:37  Drone  
  71  5:42  Drone  
  73  5:44  Drone  
  73  5:45  Drone x5  
  73  5:47  Drone  
  73  5:49  Drone  
  81  5:51  Ravager  
  81  5:54  Drone  
  81  5:55  Drone  
  81  5:56  Drone  
  85  6:00  Overlord, Evolution Chamber  
  85  6:01  Drone  
  85  6:06  Queen  
  85  6:08  Overlord  
  85  6:10  Drone  
  88  6:14  Drone  
  88  6:15  Zerg Ground Armor Level 1  
  89  6:19  Baneling Nest  
  89  6:20  Zergling x6  
  89  6:24  Drone x2  
  93  6:26  Drone  
  93  6:28  Drone x3  
  93  6:29  Drone  
  93  6:32  Drone x2  
  100  6:33  Drone  
  100  6:37  Drone  
  102  6:41  Drone  
  102  6:42  Drone x2  
  102  6:45  Zerg Melee Weapons Level 1  
  102  6:46  Drone  
  106  6:48  Infestation Pit  
  106  6:50  Drone  
  106  6:53  Overlord  
  106  6:55  Zergling x8  
  106  6:58  Zergling x2  
  106  6:59  Zergling x4, Queen  
  111  7:03  Zergling x6  
  111  7:07  Roach  
  116  7:13  Roach  
  119  7:17  Corruptor x2  
  111  7:34  Roach x5  
  110  7:43  Extractor  
  109  7:45  Extractor  
  120  7:54  Hatchery  
  120  7:55  Hatchery  
  116  8:03  Hive  
  116  8:04  Drone x2  
  118  8:07  Corruptor x6  
  118  8:13  Glial Reconstitution  
  118  8:15  Roach x3  
  124  8:21  Roach x3  
  130  8:31  Overlord x2  
  130  8:33  Overlord  
  130  8:38  Overlord  
  130  8:40  Overlord  
  130  8:48  Drone x3  
  128  8:57  Zerg Ground Armor Level 2, Zerg Melee Weapons Level 2  
  128  8:59  Zergling x10  
  133  9:08  Zergling x6  
  133  9:09  Zergling x12  
  142  9:19  Greater Spire  
  142  9:20  Corruptor  
  142  9:21  Corruptor x3  
  148  9:25  Roach x2  
  148  9:29  Ravager  
  148  9:30  Ravager x5  
  158  9:32  Roach x3  
  158  9:35  Roach  
  158  9:36  Roach  
  158  9:37  Overlord  
  168  9:40  Roach  
  168  9:41  Roach  
  166  9:48  Roach x3  
  153  9:53  Roach x3  
  153  9:58  Zergling x16  
  165  10:01  Ravager  
  165  10:06  Overlord  
  166  10:12  Drone  
  166  10:13  Drone x3  
  167  10:15  Drone  
  167  10:20  Corruptor x3  
  171  10:23  Drone x3  
  171  10:28  Overlord x2  
  174  10:41  Ravager  
  175  10:46  Roach x9  
  178  10:57  Roach  
  170  11:06  Roach  
  163  11:13  Overseer  
  163  11:17  Brood Lord  
  149  11:19  Brood Lord x6  
  149  11:21  Queen x2  
  149  11:23  Queen  
  149  11:24  Drone x2  
  149  11:25  Drone x2  
  171  11:27  Ravager x3  
  171  11:31  Brood Lord  
  176  11:42  Brood Lord  
  176  11:45  Queen x2  
  182  11:48  Drone x4, Extractor  
  182  11:49  Extractor  
  182  11:54  Corruptor x3  
  190  12:04  Corruptor x2  
  190  12:08  Corruptor  
  194  12:12  Spore Crawler  
  194  12:13  Spine Crawler  
  190  12:16  Drone x10  
  192  12:30  Corruptor x2  
  192  12:36  Drone x8  
  198  12:53  Corruptor x2  
  189  13:06  Corruptor x3  
  179  13:15  Roach x11  
  185  13:21  Roach x2  
  185  13:23  Roach  
  175  13:29  Roach x2  
  175  13:30  Roach  
  177  13:35  Roach  
  177  13:36  Roach  
  177  13:40  Roach x3  
  189  13:44  Roach  
Tags
 
Add a new tag
Caveats
  • Supply blocks, unpowered buildings, or Contaminate may cause inaccurate times.
  • Supply counts are checked every 10 seconds.